[Event "Titled Tuesday Blitz October 31 Early 2023"]
[White "Chigaev, Maksim"]
[Black "Danielyan, Vahe"]
[WhiteFideId "4108116"]
[BlackFideId "13304828"]
[WhiteElo "2927"]
[BlackElo "2761"]
[Result "1-0"]
[Round "10"]
[TimeControl "180+1"]
[Date "2023.10.31"]
[WhiteClock "0:01:04"]
[BlackClock "0:01:06"]
[Board "16"]

1. e4 c5 2. b3 d6 3. Bb2 Nf6 4. Bb5+ Bd7 5. Bxd7+ Nbxd7 6. Qe2 g6 7. f4 Bg7 8. Nf3 O-O 9. O-O e6 10. d3 d5 11. c4 d4 12. Nbd2 Qc7 13. e5 Nh5 14. g3 f5 15. exf6 Ndxf6 16. Qxe6+ Kh8 17. Ne5 Rae8 18. Qh3 Ng8 19. Ne4 Bxe5 20. fxe5 Qxe5 21. Rae1 Ngf6 22. Bc1 Qc7 23. Bh6 Rf7 24. Nxf6 Rxe1 25. Rxe1 Nxf6 26. Qe6 Qd7 27. Qe5 Kg8 28. Qb8+ 1-0


[Site "https://www.chess.com"]

[Event "Titled Tuesday Blitz October 31 Early 2023"]
[White "Galchenko, Matvey"]
[Black "Szpar, Milosz"]
[WhiteFideId "24175480"]
[BlackFideId "1184989"]
[WhiteElo "2922"]
[BlackElo "2728"]
[Result "0-1"]
[Round "10"]
[TimeControl "180+1"]
[Date "2023.10.31"]
[WhiteClock "0:00:00"]
[BlackClock "0:00:46"]
[Board "17"]

1. f4 c5 2. Nf3 Nc6 3. g3 g6 4. Bg2 Bg7 5. O-O Nf6 6. d3 O-O 7. Nc3 d6 8. e4 Rb8 9. a4 a6 10. h3 b5 11. axb5 axb5 12. g4 b4 13. Ne2 c4 14. Ng3 b3 15. c3 cxd3 16. Qxd3 Nd7 17. Be3 Qc7 18. Qe2 Na5 19. Ra4 Nc5 20. Bxc5 Qxc5+ 21. Kh2 Bd7 22. Rfa1 Bxa4 23. Rxa4 Bxc3 24. e5 dxe5 25. Ne4 Qc7 26. Nxc3 exf4 27. Nd5 Qc2 28. Qxe7 Nc6 29. Qf6 Rbe8 30. Qxf4 Re2 31. Nh4 Qxb2 32. Rc4 Ne5 33. Rb4 Nd3 34. Qh6 Qe5+ 35. Rf4 Nxf4 36. Nxf4 b2 0-1


[Site "https://www.chess.com"]

[Event "Titled Tuesday Blitz October 31 Early 2023"]
[White "Bharath Subramaniyam H"]
[Black "Shapiro, Viktor"]
[WhiteFideId "46634827"]
[BlackFideId "4175700"]
[WhiteElo "2904"]
[BlackElo "2550"]
[Result "1-0"]
[Round "10"]
[TimeControl "180+1"]
[Date "2023.10.31"]
[WhiteClock "0:00:07"]
[BlackClock "0:00:48"]
[Board "18"]

1. e4 Nf6 2. e5 Nd5 3. d4 d6 4. Nf3 Bg4 5. Be2 e6 6. O-O Be7 7. h3 Bh5 8. c4 Nb6 9. exd6 cxd6 10. Nc3 O-O 11. b3 d5 12. c5 Bxf3 13. Bxf3 Nc8 14. b4 Nc6 15. b5 Na5 16. Bf4 Bf6 17. Qd3 Ne7 18. Ne2 g6 19. Rfc1 Rc8 20. a4 Re8 21. Ra2 Nf5 22. g4 Nh4 23. Bh1 g5 24. Bg3 Ng6 25. Rac2 Nc4 26. Rxc4 dxc4 27. Qxc4 b6 28. c6 e5 29. d5 Nf4 30. Nc3 Be7 31. Rd1 Bd6 32. Ne4 Nxh3+ 33. Kh2 Nf4 34. Bf3 Kg7 35. Kg1 h5 36. gxh5 f5 37. Nxd6 Qxd6 38. Qc3 Kh6 39. Kf1 e4 40. Bh1 Re5 41. Bg2 Rxd5 42. Re1 Rd3 43. Qc4 Rxg3 44. fxg3 Qd3+ 45. Qxd3 Nxd3 46. Re2 Kxh5 47. Bh3 g4 48. Bg2 Kg5 49. Rc2 Kf6 50. Ke2 Ke5 51. Ke3 Nc5 52. Rc4 Rd8 53. Bf1 Rh8 54. Be2 Kd6 55. Rd4+ Ke5 56. Rd1 Rc8 57. Ra1 Rd8 58. a5 Rb8 59. axb6 axb6 60. Ra7 Kd6 61. Rf7 Ra8 62. Rxf5 Ra3+ 63. Kf4 Ne6+ 64. Kxg4 Nd4 65. Rf6+ Ke5 66. c7 Ra8 67. Rxb6 Rd8 68. cxd8=Q 1-0


[Site "https://www.chess.com"]

[Event "Titled Tuesday Blitz October 31 Early 2023"]
[White "Baskakov, Egor"]
[Black "BardArtem"]
[WhiteFideId "24197866"]
[WhiteElo "2911"]
[BlackElo "2720"]
[Result "1/2-1/2"]
[Round "10"]
[TimeControl "180+1"]
[Date "2023.10.31"]
[WhiteClock "0:00:13"]
[BlackClock "0:00:06"]
[Board "19"]

1. e4 e5 2. Nc3 Nc6 3. g3 Nf6 4. Bg2 Bb4 5. Nge2 O-O 6. O-O Nd4 7. h3 Nxe2+ 8. Qxe2 Re8 9. d3 Bxc3 10. bxc3 d5 11. exd5 Nxd5 12. Bb2 Nf6 13. c4 c6 14. Rfe1 Bf5 15. Bxe5 Nd7 16. Qf3 Bxh3 17. Bc3 Bxg2 18. Kxg2 Qg5 19. Rab1 Rxe1 20. Rxe1 h6 21. a4 a5 22. Bd4 Nf8 23. Rb1 Ne6 24. Be3 Qe7 25. Qg4 Rf8 26. Qf5 g6 27. Qxa5 h5 28. Qb4 Qxb4 29. Rxb4 Ra8 30. Bb6 Kf8 31. d4 Ke8 32. d5 Nf8 33. Be3 Nd7 34. Rxb7 cxd5 35. cxd5 Rxa4 36. Bg5 f6 37. Be3 Rc4 38. Rb2 g5 39. Kf1 Ne5 40. Ke2 h4 41. gxh4 gxh4 42. Rb6 Rxc2+ 43. Kd1 Ra2 44. Rxf6 h3 45. Rh6 Ng4 46. Rxh3 Nxf2+ 47. Bxf2 Rxf2 48. Rh6 Rf5 49. d6 Kd7 50. Ke2 Rd5 51. Ke3 Rxd6 52. Rxd6+ Kxd6 1/2-1/2


[Site "https://www.chess.com"]

[Event "Titled Tuesday Blitz October 31 Early 2023"]
[White "Krzyzanowski, Marcin"]
[Black "Erdogmus, Yagiz Kaan"]
[WhiteFideId "1132199"]
[BlackFideId "44599790"]
[WhiteElo "2747"]
[BlackElo "2907"]
[Result "1-0"]
[Round "10"]
[TimeControl "180+1"]
[Date "2023.10.31"]
[WhiteClock "0:00:28"]
[BlackClock "0:01:13"]
[Board "20"]

1. e4 c5 2. Nf3 d6 3. d4 cxd4 4. Nxd4 Nf6 5. Nc3 g6 6. Nb3 Bg7 7. Be2 O-O 8. O-O a6 9. Re1 b5 10. Bf1 Bb7 11. a4 b4 12. Nd5 Nbd7 13. Nxb4 Nxe4 14. Nd5 e6 15. Rxe4 Bxd5 16. Re1 Qc7 17. a5 Rfc8 18. c3 Ne5 19. Ra4 Rab8 20. Nd4 Nc6 21. Bxa6 Nxd4 22. Rxd4 Bb3 23. Qd2 Bxd4 24. Qxd4 e5 25. Qh4 Re8 26. Bh6 f5 27. Ra1 Ra8 28. Bf1 Rxa5 29. Re1 Ra4 30. Qf6 Re6 31. Qf8# 1-0


[Site "https://www.chess.com"]

[Event "Titled Tuesday Blitz October 31 Early 2023"]
[White "Maximov, Dmitry"]
[Black "Kazakouski, Valery"]
[WhiteFideId "14105659"]
[BlackFideId "13507443"]
[WhiteElo "2729"]
[BlackElo "2866"]
[Result "0-1"]
[Round "10"]
[TimeControl "180+1"]
[Date "2023.10.31"]
[WhiteClock "0:00:06"]
[BlackClock "0:00:28"]
[Board "21"]

1. e4 c5 2. Nf3 a6 3. c3 d5 4. exd5 Qxd5 5. d4 Bg4 6. Be2 Nf6 7. O-O e6 8. h3 Bh5 9. Na3 cxd4 10. Nc4 Bxf3 11. gxf3 Nbd7 12. cxd4 Be7 13. f4 O-O 14. Be3 Rac8 15. b3 Ne4 16. Bf3 f5 17. Ne5 Ndf6 18. Kh2 Rc3 19. Rg1 Rfc8 20. Qf1 Rc2 21. Rg2 Bf8 22. Bd1 R2c7 23. b4 Qd8 24. Bb3 Nd5 25. b5 a5 26. Qe2 Qe8 27. Rag1 Nec3 28. Qf3 a4 29. b6 Nxb6 30. Bc2 Nbd5 31. a3 Bxa3 32. Bd2 Bf8 33. Ra1 a3 34. Bb3 Qb5 35. Bxc3 Qxb3 36. Bd2 Qxf3 37. Nxf3 Rc2 38. Rgg1 b5 39. Kg3 b4 40. Rgb1 a2 41. Rb3 Bd6 42. h4 Rxd2 43. Nxd2 Bxf4+ 44. Kf3 Bxd2 45. Rxa2 Rc3+ 46. Rxc3 Bxc3 47. Ra8+ Kf7 48. Ra7+ Kf6 49. Rb7 Bxd4 50. Ke2 h6 51. f3 Nf4+ 52. Kd2 Bc3+ 53. Ke3 Ng2+ 54. Kf2 Nxh4 55. Kg3 g5 56. Rh7 Be5+ 57. Kh3 h5 58. Rxh5 Kg6 0-1


[Site "https://www.chess.com"]

[Event "Titled Tuesday Blitz October 31 Early 2023"]
[White "Madaminov, Mukhiddin"]
[Black "Djokic, Mihailo"]
[WhiteFideId "14210703"]
[BlackFideId "976440"]
[WhiteElo "2857"]
[BlackElo "2714"]
[Result "1-0"]
[Round "10"]
[TimeControl "180+1"]
[Date "2023.10.31"]
[WhiteClock "0:01:07"]
[BlackClock "0:00:56"]
[Board "22"]

1. e4 c5 2. Nf3 d6 3. d4 cxd4 4. Nxd4 Nf6 5. Nc3 g6 6. Be3 Bg7 7. f3 O-O 8. Bc4 Nc6 9. Bb3 Bd7 10. h4 h5 11. Qd2 Rc8 12. O-O-O Ne5 13. Bh6 Bxh6 14. Qxh6 Rxc3 15. bxc3 Qc7 16. Ne2 a5 17. a3 Qc5 18. Nf4 a4 19. Nxg6 Nxg6 20. Qxg6+ Kh8 21. Qh6+ Nh7 22. Rd5 Qxa3+ 23. Kd2 f5 24. Ra5 Bc6 25. Rh3 b6 26. Rg3 1-0


[Site "https://www.chess.com"]

[Event "Titled Tuesday Blitz October 31 Early 2023"]
[White "Ashraf, Artin"]
[Black "Nagare Kaivalya Sandip"]
[WhiteFideId "22514805"]
[BlackFideId "25957929"]
[WhiteElo "2841"]
[BlackElo "2711"]
[Result "1-0"]
[Round "10"]
[TimeControl "180+1"]
[Date "2023.10.31"]
[WhiteClock "0:01:46"]
[BlackClock "0:00:08"]
[Board "23"]

1. c4 Nf6 2. d4 g6 3. e3 Bg7 4. Nc3 O-O 5. Nf3 d6 6. Be2 c5 7. O-O Nc6 8. d5 Nb8 9. e4 Bg4 10. Ne1 Bxe2 11. Qxe2 Nbd7 12. Nd3 Qc7 13. Bf4 Nh5 14. Be3 Bxc3 15. bxc3 Ng7 16. Bh6 Qa5 17. Rab1 b6 18. Rb3 Qa6 19. Rb5 Rfe8 20. e5 dxe5 21. Nxe5 Nxe5 22. Qxe5 Nf5 23. Bc1 Qxa2 24. g4 Nd6 25. Bh6 f6 26. Qe6+ Kh8 27. g5 Qd2 28. Rbb1 Qf4 29. Rbe1 Nf5 30. Re4 Qd2 31. d6 Nxh6 32. gxh6 Qg5+ 33. Kh1 Qxh6 34. dxe7 Qg7 35. Rd1 a5 36. Rd7 a4 37. Qc6 a3 38. Qxa8 Rxa8 39. e8=Q+ Qg8 40. Qe7 Rf8 41. Ra7 f5 42. Qe5+ 1-0


[Site "https://www.chess.com"]

[Event "Titled Tuesday Blitz October 31 Early 2023"]
[White "Preotu, Razvan"]
[Black "Molina, Roberto Junio Brito"]
[WhiteFideId "2613280"]
[BlackFideId "2109450"]
[WhiteElo "2707"]
[BlackElo "2830"]
[Result "1-0"]
[Round "10"]
[TimeControl "180+1"]
[Date "2023.10.31"]
[WhiteClock "0:00:04"]
[BlackClock "0:00:01"]
[Board "24"]

1. e4 c6 2. Nc3 d5 3. Nf3 dxe4 4. Nxe4 Bg4 5. h3 Bxf3 6. Qxf3 Nd7 7. d4 Ndf6 8. c3 Nxe4 9. Qxe4 Nf6 10. Qc2 Qd5 11. Qb3 Qxb3 12. axb3 e6 13. b4 Bd6 14. b5 c5 15. Be3 Nd5 16. b6 Nxe3 17. fxe3 a6 18. Be2 O-O-O 19. O-O f5 20. b4 cxb4 21. c4 g6 22. c5 Be7 23. c6 bxc6 24. Rxa6 Kd7 25. Ra7+ Kd6 26. Rc1 Rb8 27. b7 e5 28. dxe5+ Kxe5 29. Rxc6 Rhd8 30. Bc4 Rd6 31. Rc8 Rd1+ 32. Kf2 Bd6 33. Kf3 Rd2 34. Ra5+ Kf6 35. Bd5 Ke7 36. Rxb8 Bxb8 37. Ra8 Rxd5 38. Rxb8 Rb5 39. Rh8 Rxb7 40. Rxh7+ Kd6 41. Rxb7 Kc5 42. Kf4 1-0


[Site "https://www.chess.com"]

[Event "Titled Tuesday Blitz October 31 Early 2023"]
[White "Atakhan, Abtin"]
[Black "Pakleza, Zbigniew"]
[WhiteFideId "22502203"]
[BlackFideId "1119290"]
[WhiteElo "2705"]
[BlackElo "2816"]
[Result "0-1"]
[Round "10"]
[TimeControl "180+1"]
[Date "2023.10.31"]
[WhiteClock "0:00:29"]
[BlackClock "0:00:05"]
[Board "25"]

1. Nf3 d5 2. d4 Nf6 3. c4 c6 4. e3 Bf5 5. Nc3 e6 6. Nh4 Be4 7. f3 Bg6 8. Qb3 Qb6 9. Bd2 Qxb3 10. axb3 Bc2 11. Na4 Nbd7 12. g4 Bxb3 13. c5 g5 14. Ng2 h5 15. gxh5 Nxh5 16. Kf2 Bxa4 17. Rxa4 a6 18. Bc3 Nhf6 19. Bd3 g4 20. fxg4 Nxg4+ 21. Kg3 f5 22. Nf4 Kf7 23. h3 Nxe3 24. Re1 Nc4 25. b3 Nce5 26. dxe5 Nxc5 27. Ra2 Bh6 28. Bb1 Rag8+ 29. Kf3 Bxf4 30. Kxf4 Rxh3 31. Bxf5 exf5 32. e6+ Nxe6+ 33. Ke5 Rxc3 34. Rh2 Ng7 35. Rh6 Re8+ 36. Kd6 0-1


[Site "https://www.chess.com"]

[Event "Titled Tuesday Blitz October 31 Early 2023"]
[White "Sadykov, Ramil"]
[Black "Sokolovsky, Yahli"]
[WhiteFideId "24113590"]
[BlackFideId "2820242"]
[WhiteElo "2678"]
[BlackElo "2789"]
[Result "1/2-1/2"]
[Round "10"]
[TimeControl "180+1"]
[Date "2023.10.31"]
[WhiteClock "0:00:06"]
[BlackClock "0:00:16"]
[Board "26"]

1. e4 d6 2. d4 g6 3. c4 Bg7 4. Nc3 c5 5. d5 Bxc3+ 6. bxc3 e5 7. h4 h6 8. h5 g5 9. Ne2 Ne7 10. Ng3 Nd7 11. a4 a5 12. Be2 b6 13. Bg4 Nf6 14. Bxc8 Qxc8 15. Rb1 Rb8 16. Qf3 Nfg8 17. Be3 Kf8 18. Kd2 Kg7 19. Rb5 Nf6 20. Rhb1 Qc7 21. Nf5+ Nxf5 22. Qxf5 Ng8 23. Kd3 Ne7 24. Qf3 Rb7 25. Qg4 Rhb8 26. f3 Qc8 27. Qxc8 Nxc8 28. g4 Kf6 29. R5b3 Ke7 30. Kc2 Rd7 31. Rb5 Rbb7 32. Kd3 Kd8 33. Kc2 Kc7 34. Kd3 Kb8 35. R5b3 Ka7 36. Rb5 Ka6 37. R5b3 Rbc7 38. Rb5 Rd8 39. R5b3 Re8 40. Rb5 Rf8 41. R5b3 Rb7 42. Rb5 Re8 43. R5b3 Ree7 44. Rb5 Red7 45. R5b3 Rdc7 46. Rb5 Rd7 1/2-1/2


[Site "https://www.chess.com"]

[Event "Titled Tuesday Blitz October 31 Early 2023"]
[White "Saydaliev, Saidakbar"]
[Black "Bao, Qilin"]
[WhiteFideId "14203693"]
[BlackFideId "8605750"]
[WhiteElo "2780"]
[BlackElo "2666"]
[Result "1-0"]
[Round "10"]
[TimeControl "180+1"]
[Date "2023.10.31"]
[WhiteClock "0:00:36"]
[BlackClock "0:00:03"]
[Board "27"]

1. c4 g6 2. Nf3 c5 3. Nc3 Bg7 4. d4 Nf6 5. e4 O-O 6. d5 d6 7. h3 e6 8. Bd3 exd5 9. cxd5 Na6 10. O-O Nc7 11. a4 b6 12. Bf4 Ba6 13. Re1 Bxd3 14. Qxd3 a6 15. Nd2 Nh5 16. Bh2 Be5 17. Bxe5 dxe5 18. Nc4 f6 19. Nxb6 Rb8 20. Nc4 Nf4 21. Qe3 Rb4 22. Qxc5 Nd3 23. Qc6 Nxe1 24. Rxe1 Ne8 25. d6 Rf7 26. Nd5 Rxc4 27. Qxc4 Qxd6 28. Rd1 Kg7 29. Rd3 Qe6 30. b4 Rc7 31. Qb3 Rc1+ 32. Kh2 Nd6 33. f3 Nc4 34. Ne3 Qb6 35. Rd7+ Kh8 36. Nd1 Qc6 37. Qd3 Nb6 38. Rd8+ Kg7 39. Qxa6 Qc7 40. Rd3 Nc4 41. Qe6 Nb2 42. Rd7+ Qxd7 43. Qxd7+ Kh6 44. Nxb2 1-0


[Site "https://www.chess.com"]

[Event "Titled Tuesday Blitz October 31 Early 2023"]
[White "Skliarov, Viktor"]
[Black "mind1mover"]
[WhiteFideId "14106736"]
[WhiteElo "2647"]
[BlackElo "2770"]
[Result "1-0"]
[Round "10"]
[TimeControl "180+1"]
[Date "2023.10.31"]
[WhiteClock "0:00:43"]
[BlackClock "0:00:01"]
[Board "28"]

1. e4 Nc6 2. Nc3 Nf6 3. d4 d6 4. f3 a6 5. Be3 b5 6. Qd2 h5 7. a4 b4 8. Nd5 e6 9. Nxf6+ Qxf6 10. a5 g6 11. Bc4 h4 12. Nh3 Bg7 13. c3 Qe7 14. O-O Rb8 15. Qe2 Ra8 16. f4 O-O 17. e5 Bb7 18. Qg4 Nd8 19. Ng5 d5 20. Bd3 f6 21. exf6 Qxf6 22. Qxh4 Re8 23. Qh7+ Kf8 24. Bxg6 Re7 25. Qh5 Kg8 26. Nh7 1-0


[Site "https://www.chess.com"]

[Event "Titled Tuesday Blitz October 31 Early 2023"]
[White "Mekhitarian, Krikor Sevag"]
[Black "Kuzhylnyi, Oleksandr"]
[WhiteFideId "2107660"]
[BlackFideId "34110500"]
[WhiteElo "2765"]
[BlackElo "2645"]
[Result "1-0"]
[Round "10"]
[TimeControl "180+1"]
[Date "2023.10.31"]
[WhiteClock "0:00:51"]
[BlackClock "0:00:04"]
[Board "29"]

1. Nf3 g6 2. c4 Bg7 3. e4 d6 4. d4 Nf6 5. Nc3 O-O 6. h3 e5 7. d5 a5 8. g4 Na6 9. Be3 Nd7 10. a3 Nb6 11. Rg1 Kh8 12. h4 f5 13. gxf5 gxf5 14. exf5 Bxf5 15. Ng5 Qe8 16. Bd3 e4 17. Ngxe4 Bg6 18. Qc2 Nc5 19. Nxc5 dxc5 20. Bxg6 hxg6 21. Rg4 Qd7 22. Qxg6 Rae8 23. O-O-O Rxe3 24. fxe3 Rf6 25. Qh5+ Rh6 26. Qg5 Qf7 27. Rdg1 Bxc3 28. bxc3 Rh5 29. Qd8+ Kh7 30. Rg7+ Qxg7 31. Rxg7+ Kxg7 32. Qxc7+ 1-0


[Site "https://www.chess.com"]

[Event "Titled Tuesday Blitz October 31 Early 2023"]
[White "Jain Kashish Manoj"]
[Black "Srihari L R"]
[WhiteFideId "35081098"]
[BlackFideId "46617116"]
[WhiteElo "2641"]
[BlackElo "2755"]
[Result "1-0"]
[Round "10"]
[TimeControl "180+1"]
[Date "2023.10.31"]
[WhiteClock "0:00:18"]
[BlackClock "0:00:19"]
[Board "30"]

1. e4 g6 2. d4 Bg7 3. Nf3 d6 4. Be2 Nf6 5. Nc3 O-O 6. O-O a6 7. a4 Nc6 8. d5 Nb4 9. a5 e6 10. Be3 exd5 11. exd5 Bf5 12. Nd4 Bd7 13. Bf3 Re8 14. Qd2 Bg4 15. Bxg4 Nxg4 16. Bg5 Qd7 17. Ra4 c5 18. dxc6 Nxc6 19. Nd5 Nxd4 20. Rxd4 Bxd4 21. Qxd4 Qf5 22. Ne7+ Rxe7 23. Bxe7 Re8 24. Bxd6 Nf6 25. Bf4 Re4 26. Qd8+ Kg7 27. Be3 Qd5 28. Rd1 Qxd8 29. Rxd8 Ra4 30. h3 Ne4 31. Rd4 Ra1+ 32. Kh2 Nc5 33. b4 Ne6 34. Rd7 Ra2 35. Rxb7 Rxc2 36. b5 axb5 37. a6 Ra2 38. a7 b4 39. Rxb4 f5 40. Rb8 f4 41. Bb6 1-0


[Site "https://www.chess.com"]

[Event "Titled Tuesday Blitz October 31 Early 2023"]
[White "Santos Flores, Alberto"]
[Black "Fier, Alexandr"]
[WhiteFideId "3601234"]
[BlackFideId "2107139"]
[WhiteElo "2488"]
[BlackElo "2749"]
[Result "0-1"]
[Round "10"]
[TimeControl "180+1"]
[Date "2023.10.31"]
[WhiteClock "0:00:00"]
[BlackClock "0:02:34"]
[Board "31"]

1. e4 b6 2. d4 Bb7 3. Bd3 e6 4. Nf3 c5 5. c3 d5 6. e5 Nc6 7. O-O Nge7 8. a3 Nf5 9. Bxf5 exf5 10. b4 cxd4 11. cxd4 Be7 12. Nc3 O-O 13. Re1 Qd7 14. Bg5 Bxg5 15. Nxg5 h6 16. Nf3 Nd8 17. Rc1 Ne6 18. Qd3 g6 19. Nb5 Ba6 20. a4 Rac8 21. Qd2 Bxb5 22. axb5 Kg7 23. Qd3 Rc7 24. Rxc7 Qxc7 25. Ra1 Rc8 26. h3 Qc4 27. Qxc4 Rxc4 28. Rxa7 Rxb4 29. Rd7 Rxb5 30. g3 g5 31. Kg2 Kg6 32. Rd6 Kg7 33. Rd7 g4 34. Nh4 Nxd4 35. e6 Nxe6 36. Nxf5+ Kf6 37. hxg4 Rb4 38. Rxd5 Rxg4 39. Nxh6 Rd4 40. Rxd4 Nxd4 41. Ng4+ Kf5 42. Ne3+ Ke4 43. Kf1 b5 44. Ke1 Kf3 45. Nd5 Nc2+ 46. Kd2 Nd4 47. Kd3 Nc6 48. Nc3 b4 49. Nd5 Kxf2 50. g4 Kf3 51. g5 Kg4 52. Kc4 Kxg5 53. Kc5 b3 54. Kxc6 b2 55. Nc3 f5 56. Kd5 f4 57. Ke4 Kg4 58. Kd3 f3 59. Kc2 f2 60. Nd1 b1=Q+ 61. Kxb1 f1=Q 62. Kc2 Qa6 63. Nc3 Kf3 64. Kd2 Qa5 65. Kd3 Qf5+ 66. Kd4 Qf6+ 67. Kd3 Qd6+ 68. Kc4 Ke3 69. Nd5+ Ke2 70. Nc3+ Ke3 71. Nd5+ Ke4 72. Nc3+ Ke5 73. Kb3 Qc6 74. Kb4 Kd4 75. Nb5+ Kd3 76. Na3 Qb6+ 77. Nb5 Qb8 78. Kc5 Qe5+ 79. Kc6 Kc4 80. Nd6+ Kb4 81. Kd7 Kc5 82. Nb7+ Kd5 83. Kc8 Qg7 0-1


[Site "https://www.chess.com"]

[Event "Titled Tuesday Blitz October 31 Early 2023"]
[White "Kovalevsky, Stanislav"]
[Black "Mndapoetzz04"]
[WhiteFideId "13508598"]
[WhiteElo "2424"]
[BlackElo "2749"]
[Result "0-1"]
[Round "10"]
[TimeControl "180+1"]
[Date "2023.10.31"]
[WhiteClock "0:00:09"]
[BlackClock "0:01:37"]
[Board "32"]

1. e4 c5 2. c3 d5 3. exd5 Qxd5 4. Nf3 Nc6 5. d4 cxd4 6. cxd4 Bg4 7. Be2 e6 8. Nc3 Qa5 9. Qb3 Bb4 10. Be3 Nge7 11. O-O O-O 12. Ne4 Qd5 13. Qd3 Bf5 14. Nfg5 h6 15. Qd1 hxg5 16. Nxg5 Rad8 17. Bf3 Qa5 18. a3 Bd6 19. b4 Qc7 20. h4 Bf4 21. Rc1 Bxe3 22. fxe3 Qg3 23. Bxc6 bxc6 24. Rxf5 Nxf5 25. Qh5 Qxe3+ 26. Kh2 Qf4+ 27. g3 Qxg3+ 28. Kh1 Qxh4+ 29. Qxh4 Nxh4 30. Rxc6 Rxd4 31. Rc7 Rg4 32. Nh3 Nf3 33. Rc3 Rg3 34. b5 Rd8 35. a4 Rd1+ 36. Ng1 Rdxg1# 0-1


[Site "https://www.chess.com"]

[Event "Titled Tuesday Blitz October 31 Early 2023"]
[White "Amilal Munkhdalai"]
[Black "Klukin, Kirill"]
[WhiteFideId "4903250"]
[BlackFideId "24199273"]
[WhiteElo "2682"]
[BlackElo "2835"]
[Result "0-1"]
[Round "10"]
[TimeControl "180+1"]
[Date "2023.10.31"]
[WhiteClock "0:00:10"]
[BlackClock "0:00:04"]
[Board "33"]

1. e4 c5 2. Nf3 g6 3. d4 cxd4 4. Nxd4 Bg7 5. c4 Nc6 6. Be3 Nf6 7. Nc3 O-O 8. Be2 d6 9. O-O Bd7 10. Qd2 Nxd4 11. Bxd4 Bc6 12. f3 a5 13. b3 Nd7 14. Be3 Nc5 15. Rfc1 e6 16. Rab1 Be5 17. Bf2 Qe7 18. a3 a4 19. bxa4 Nxa4 20. Nxa4 Rxa4 21. c5 Rd8 22. Qa2 dxc5 23. Bxc5 Bd4+ 24. Bxd4 Rdxd4 25. Bb5 Rxa3 26. Qb2 e5 27. Bxc6 bxc6 28. Rxc6 Rad3 29. Qe2 Qg5 30. Rc2 Kg7 31. Re1 h5 32. Qf2 h4 33. h3 Rd6 34. Rce2 Qf4 35. Re3 Rd2 36. R3e2 R2d3 37. Re3 Qg5 38. Rxd3 Rxd3 39. Re2 Rd1+ 40. Re1 Rd2 41. Re2 Rd1+ 42. Re1 Rd3 43. Qf1 Qd8 44. Qf2 Rd2 45. Re2 Rd1+ 46. Re1 Rd3 47. f4 Rd2 48. Qf3 Qd4+ 49. Kh1 Rf2 50. Qe3 Rf1+ 51. Kh2 Rxe1 52. Qxe1 exf4 53. Qxh4 Qxe4 54. Qg4 Qe5 55. Qf3 Qe3 56. Qg4 Qe5 57. Qf3 Kf6 58. h4 Qf5 59. Kg1 Kg7 60. Kh2 Qe5 61. Kh3 Kf6 62. Kh2 Qf5 63. Kg1 Ke5 64. Kh2 Qe4 65. Qg4 Kd6 66. Qg5 Ke6 67. Qg4+ Ke7 68. Qg5+ Ke8 69. Qg4 Qe5 70. Kh3 Qe6 71. Qxe6+ fxe6 72. Kg4 e5 73. g3 fxg3 74. Kxg3 Kf7 75. Kf3 Kf6 76. Ke4 Ke6 77. Ke3 Kf5 78. Kf3 e4+ 79. Ke3 Ke5 80. Kf2 Kf4 81. Ke2 Kg4 82. Ke3 Kxh4 83. Kxe4 g5 84. Kf3 Kh3 85. Kf2 g4 86. Kg1 Kg3 87. Kf1 Kh2 88. Kf2 g3+ 0-1


[Site "https://www.chess.com"]

[Event "Titled Tuesday Blitz October 31 Early 2023"]
[White "Mendez Fortes, Eduardo Jesus"]
[Black "Kozak, Antoni"]
[WhiteFideId "3502376"]
[BlackFideId "21832030"]
[WhiteElo "2681"]
[BlackElo "2820"]
[Result "1-0"]
[Round "10"]
[TimeControl "180+1"]
[Date "2023.10.31"]
[WhiteClock "0:00:26"]
[BlackClock "0:00:00"]
[Board "34"]

1. e4 c5 2. Nf3 Nc6 3. d4 cxd4 4. Nxd4 e5 5. Nb5 d6 6. N1c3 a6 7. Na3 b5 8. Nd5 Nge7 9. Bg5 Qa5+ 10. Bd2 Qd8 11. c4 Nxd5 12. cxd5 Nd4 13. Nc2 Be7 14. Nxd4 exd4 15. a4 Bd7 16. axb5 axb5 17. Bd3 O-O 18. O-O Qb6 19. Qe2 b4 20. f4 b3 21. e5 Ra2 22. Rab1 Bb5 23. Rf3 Bxd3 24. Qxd3 Rb8 25. e6 fxe6 26. dxe6 d5 27. Rh3 g6 28. f5 Qb5 29. Qg3 Rf8 30. fxg6 Rxb2 31. gxh7+ Kh8 32. Re1 Rxd2 33. Qe5+ Rf6 34. Rg3 b2 35. Qh5 Rf8 36. Qg6 1-0


[Site "https://www.chess.com"]

[Event "Titled Tuesday Blitz October 31 Early 2023"]
[White "Sattarov, Bobir"]
[Black "Janaszak, Dawid"]
[WhiteFideId "14203081"]
[BlackFideId "1119206"]
[WhiteElo "2805"]
[BlackElo "2674"]
[Result "1/2-1/2"]
[Round "10"]
[TimeControl "180+1"]
[Date "2023.10.31"]
[WhiteClock "0:00:07"]
[BlackClock "0:00:09"]
[Board "35"]

1. e4 c5 2. Nc3 Nc6 3. Nge2 Nd4 4. Nxd4 cxd4 5. Ne2 e5 6. c3 d5 7. cxd4 exd4 8. Nxd4 dxe4 9. Bb5+ Bd7 10. Qe2 Nf6 11. O-O Bd6 12. Nf5 Qc7 13. Bxd7+ Qxd7 14. Nxg7+ Kf8 15. Nh5 Ng4 16. h3 Nh2 17. d3 Nxf1 18. Bh6+ Ke7 19. Bg5+ Kf8 20. Bh6+ Ke7 21. Qxe4+ Kd8 22. Rc1 Re8 23. Bg5+ Be7 24. Nf6 Nd2 25. Qe5 Rc8 26. Nxd7 Rxc1+ 27. Kh2 Nf1+ 28. Kh1 Ne3+ 29. Kh2 Nf1+ 30. Kg1 Ne3+ 31. Kh2 Nf1+ 1/2-1/2


[Site "https://www.chess.com"]

[Event "Titled Tuesday Blitz October 31 Early 2023"]
[White "Golizadeh, Asghar"]
[Black "BashirovKemal"]
[WhiteFideId "12505269"]
[WhiteElo "2765"]
[BlackElo "2671"]
[Result "0-1"]
[Round "10"]
[TimeControl "180+1"]
[Date "2023.10.31"]
[WhiteClock "0:00:08"]
[BlackClock "0:00:37"]
[Board "36"]

1. e4 c5 2. Nf3 d6 3. Bb5+ Nd7 4. d4 cxd4 5. Qxd4 a6 6. Bxd7+ Bxd7 7. c4 Nf6 8. Nc3 e5 9. Qd3 Be7 10. Bg5 O-O 11. O-O Be6 12. Rfd1 Ne8 13. Bxe7 Qxe7 14. Rac1 Rc8 15. Nd2 f5 16. b3 f4 17. f3 g5 18. Nd5 Qd8 19. Nb1 h5 20. Nbc3 Rf7 21. Kf2 Rg7 22. Ke2 g4 23. Kd2 Qh4 24. Kc2 Qxh2 25. Rd2 g3 26. Kb2 h4 27. Nb6 Rd8 28. c5 h3 29. Rcc2 Qh1 30. b4 hxg2 31. Rxg2 Bh3 32. Rgd2 g2 33. Ne2 g1=Q 34. Nxg1 Qxg1 35. Qd5+ Kh8 36. Rh2 Rh7 37. cxd6 Qxb6 38. Qxe5+ Ng7 39. Rc7 Qxb4+ 40. Kc2 Qa4+ 41. Kb2 Qb5+ 42. Qxb5 axb5 43. e5 Bd7 44. Rg2 Bc6 45. Rg4 Ne6 46. Rxh7+ Kxh7 47. Kc3 Bxf3 48. Rh4+ Kg6 49. Kb4 Bc6 0-1


[Site "https://www.chess.com"]

[Event "Titled Tuesday Blitz October 31 Early 2023"]
[White "Hamitevici, Vladimir"]
[Black "Goltsev, Dmitry"]
[WhiteFideId "13902393"]
[BlackFideId "24176710"]
[WhiteElo "2738"]
[BlackElo "2668"]
[Result "0-1"]
[Round "10"]
[TimeControl "180+1"]
[Date "2023.10.31"]
[WhiteClock "0:00:02"]
[BlackClock "0:00:36"]
[Board "37"]

1. a3 g6 2. d4 Bg7 3. Nf3 b6 4. e3 Bb7 5. Be2 e6 6. O-O Ne7 7. c4 O-O 8. Nc3 d5 9. cxd5 exd5 10. Ne5 c5 11. Bf3 Nbc6 12. Nxc6 Bxc6 13. dxc5 bxc5 14. Qd2 d4 15. Ne4 Nf5 16. Qe2 d3 17. Qd1 Nh4 18. Nd2 Nxf3+ 19. Nxf3 c4 20. Rb1 Qd5 21. Bd2 Rab8 22. Qc1 Rb3 23. Re1 Rfb8 24. e4 Qb5 25. Bf4 Rb7 26. Nd2 Rxb2 27. Rxb2 Bxb2 28. Qxc4 Qxc4 29. Nxc4 Bc3 30. Rc1 Rb3 31. Bd2 Bxd2 32. Nxd2 Rxa3 33. f3 Ra2 34. Nf1 Ba4 35. Rc8+ Kg7 36. Rd8 Bb5 37. Ne3 d2 38. g4 Be2 39. g5 Bxf3 40. e5 d1=Q+ 41. Nxd1 Ra1 42. Kf2 Rxd1 43. Ra8 Bxa8 0-1


[Site "https://www.chess.com"]